 Dungeon Crawl Stone Soup version 0.29.1-4-g47bece8355 (webtiles) character file.

Game seed: 15894050323331947378

10998 AarnesTheHuman the Cleaver (level 11, -1/95 (101) HPs)
             Began as a Hill Orc Monk on Oct 4, 2022.
             Was a High Priest of Beogh.
             Slain by a soul eater (15 damage)
             ... summoned by a kobold demonologist
             ... on level 10 of the Dungeon on Dec 9, 2022.
             The game lasted 00:37:49 (16108 turns).

AarnesTheHuman the Cleaver (Hill Orc Monk)         Turns: 16108, Time: 00:37:49

HP:   -1/95 (101)   AC: 13    Str: 19    XL:     11   Next: 70%
MP:   19/19         EV:  7    Int: 10    God:    Beogh [*****.]
Gold: 596           SH: 12    Dex: 13    Spells: 10/10 levels left

rFire   . . .      SeeInvis .   a - +3 hand axe (freeze)
rCold   + . .      Faith    .   m - +2 kite shield
rNeg    . . .      Spirit   .   f - +2 chain mail {rC+}
rPois   .          Reflect  .   (no helmet)
rElec   +          Harm     .   p - +1 cloak
rCorr   .          Rampage  .   t - +0 pair of gloves
Will    +....                   v - +0 pair of boots
Stlth   ..........              A - amulet of the acrobat
HPRegen 0.25/turn               n - +4 ring of protection
MPRegen 0.16/turn               M - ring of Ununah {rElec Will+}

@: corroded, drained
A: walk on water
a: Renounce Religion, Smiting, Recall Orcish Followers, Give Item to Named
Follower


You were on level 10 of the Dungeon.
You worshipped Beogh.
Beogh was extremely pleased with you.
You visited 1 branch of the dungeon, and saw 10 of its levels.
You also visited: Ossuary and Bailey.

You collected 629 gold pieces.
You spent 33 gold pieces at shops.

Inventory:

Hand Weapons
 a - a +3 hand axe of freezing (weapon)
 F - a +1 hand axe
 P - the +7 captain's cutlass {speed, disarm}
   (You took it off a gnoll bouda in a bailey)

   Attacks with this weapon are significantly faster.
   It may disarm weapon-wielding foes when striking them, dealing extra damage
   in the process.
Missiles
 i - 3 boomerangs (quivered)
 k - 49 stones
 r - 5 large rocks
 L - 3 throwing nets
Armour
 b - a +0 robe
 f - a +2 chain mail of cold resistance (worn)
 m - a +2 kite shield (worn)
 p - a +1 cloak (worn)
 t - a +0 pair of gloves (worn)
 v - a +0 pair of boots (worn)
Magical Staves
 N - a staff of cold
Jewellery
 e - a +6 ring of intelligence
 n - a +4 ring of protection (left hand)
 o - a ring of flight
 w - a ring of see invisible
 A - an amulet of the acrobat (around neck)
 H - a ring of ice
 M - the ring of Ununah (right hand) {rElec Will+}
   (You took it off a gnoll bouda in a bailey)

   [ring of willpower]

   rElec:     It insulates you from electricity.
   Will:      It increases your willpower.
Wands
 D - a wand of charming (16)
Scrolls
 d - 2 scrolls of poison
 h - a scroll of identify
 j - 2 scrolls of immolation
 u - 5 scrolls of teleportation
 y - a scroll of butterflies
 C - 3 scrolls of enchant weapon
 J - 3 scrolls of fear
Potions
 c - 4 potions of brilliance
 g - 3 potions of lignification
 l - a potion of haste
 q - a potion of might
 s - 2 potions of attraction
 x - 3 potions of ambrosia
 z - 3 potions of heal wounds
 B - 3 potions of berserk rage
 E - a potion of invisibility
 I - 3 potions of curing
 Q - a potion of flight
Miscellaneous
 O - a lightning rod (4/4)


   Skills:
 + Level 10.8 Fighting
 - Level 14.0 Axes
 + Level 6.3 Armour
 - Level 2.4 Dodging
 - Level 1.5 Stealth
 + Level 6.3 Shields
 + Level 11.8 Invocations


You had 10 spell levels left.
You didn't know any spells.
Your spell library contained the following spells:

 Spells                   Type           Power      Damage    Failure   Level
 Freeze                   Ice            0%         1d3       100%        1
 Necrotise                Necr           0%         1d4       100%        1
 Summon Small Mammal      Summ           0%         N/A       100%        1
 Call Canine Familiar     Summ           0%         N/A       100%        3
 Dazzling Flash           Conj/Hex       0%         N/A       100%        3
 Frozen Ramparts          Ice            0%         1d1       100%        3
 Summon Guardian Golem    Hex/Summ       0%         N/A       100%        3
 Vampiric Draining        Necr           0%         2d6       100%        3
 Hailstorm                Conj/Ice       0%         3d3       100%        4
 Iskenderun's Mystic Bla  Conj/Tloc      0%         2d3       100%        4
 Agony                    Necr           0%         N/A       100%        5
 Starburst                Conj/Fire      0%         6d3       100%        6


Dungeon Overview and Level Annotations

Branches:
Dungeon (10/15)            Temple (0/1) D:5            Lair (0/5) D:8
    Orc (0/2) D:10        Ossuary (visited)          Bailey (visited)

Altars:
Dithmenos
Gozag
Kikubaaqudgha
Nemelex Xobeh
Qazlal
Sif Muna
Trog
Xom
The Shining One

Shops:
D:5 [*   D:7 =![[?

Annotations:
D:3 Grinder, Sigmund
D:7 3 runed translucent doors, exclusion: 3 doors, caveywoolpert's ghost, novice HOFi


Message History

The ufetubus closely misses you. You block the ufetubus's attack.
The soul eater barely misses you. You block the rust devil's attack.
You closely miss the kobold demonologist.
The kobold demonologist is moderately wounded.
You hit the rust devil but do no damage.
You barely miss the soul eater. You hit the ufetubus.
You block the ufetubus's attack.
The ufetubus hits you but does no damage.
The kobold demonologist hits you with a +0 dagger.
The soul eater hits you!
You feel drained.
You hit the kobold demonologist but do no damage.
The kobold demonologist is moderately wounded.
You barely miss the ufetubus.
You hit the rust devil but do no damage.
You hit the soul eater but do no damage.
The smoke demon disappears in a puff of smoke!
The ufetubus hits you but does no damage.
The ufetubus closely misses you. The rust devil hits you.
* * * LOW HITPOINT WARNING * * *
The rust devil corrodes you!
You block the kobold demonologist's attack.
You hit the kobold demonologist. You freeze the kobold demonologist.
The kobold demonologist is heavily wounded.
You hit the soul eater but do no damage.
You miss the ufetubus.
You hit the rust devil but do no damage.
The rust devil disappears in a puff of smoke!
You block the ufetubus's attack. The ufetubus hits you.
* * * LOW HITPOINT WARNING * * *
The soul eater hits you!
* * * LOW HITPOINT WARNING * * *
You barely miss the kobold demonologist.
The kobold demonologist is heavily wounded.
You hit the soul eater but do no damage.
You hit the ufetubus.
You kill the ufetubus!
The ufetubus disappears in a puff of smoke!
The kobold demonologist hits you but does no damage.
The soul eater draws from the surrounding life force!
You die...

#........##.
....#.+............
...#o####...######.
#............
#.#.####.....[..#..
#......######
....#.............##.......# #
#.##.....# #......#.####.# #
.##....###### #....#..###.# #
##....## .....##.(...##.##.####
......# ......§.#....#..#..#.#
....##...#####§3@##......#....#
...## ..#.# ##K§.##...#.#..#.#
...# ..# #...##....#...#.# ...#
##. .....##...#...#.##. ...# ..
..#...##..[#...#.##. ......#
#......##.......#.### ..#...#
...##..##...#.......# ..#...#
.... ..#...##.....#'# .......#
....##..##....


You could see a soul eater (summoned) and a kobold demonologist.

Vanquished Creatures
  2 two-headed ogres
  Maggie (D:9)
  A troll (D:10)
  Prince Ribbit (D:7)
  3 shadows
  A vampire (D:10)
  2 wyverns (D:8)
  9 yaks
  Grum (D:9)
  3 steam dragons
  2 basilisks (D:8)
  An orc warrior (D:5)
  2 water moccasins (D:8)
  A sky beast (D:6)
  An ice beast (D:5)
  3 black bears
  4 ogres
  8 wolves
  2 centaurs
  A kobold brigand (D:4)
  2 phantoms
  An elf zombie (Ossuary)
  A bullfrog (D:9)
  4 scorpions
  9 gnoll sergeants
  16 wights
  A troll zombie (D:10)
  12 killer bees
  3 howler monkeys (D:7)
  5 hounds
  A human zombie (Ossuary)
  A jelly (D:6)
  6 gnoll boudas (Bailey)
  Jessica (D:3)
  5 iguanas
  2 orc wizards
  7 ogre zombies (D:10)
  3 mummies (Ossuary)
  19 gnolls
  2 adders
  4 white imps
  5 adder zombies (Ossuary)
  A worm (D:3)
  4 dart slugs
  14 orcs
  3 bats
  4 endoplasms
  4 giant cockroaches
  10 hobgoblins
  2 quokkas (D:1)
  4 ball pythons
  2 frilled lizards
  15 goblins
  3 goblin skeletons (D:10)
  2 goblin zombies (Ossuary)
  3 hobgoblin skeletons (D:10)
  6 hobgoblin zombies
  5 kobolds (D:10)
  A kobold zombie (Ossuary)
  3 orc skeletons (D:10)
  14 orc zombies (D:10)
  A quokka zombie (Ossuary)
  7 rats
  3 rat zombies (Ossuary)
270 creatures vanquished.

Vanquished Creatures (collateral kills)
  A centaur warrior (D:10)
  A kobold brigand (D:10)
  A wight (D:9)
  2 killer bees (D:9)
  2 orcs
7 creatures vanquished.

Vanquished Creatures (others)
  5 orc priests
  2 orc wizards
  2 orcs
  4 fungi (D:8)
  13 plants (D:8)
26 creatures vanquished.

Grand Total: 303 creatures vanquished

Notes
Turn   | Place    | Note
-------+----------+-------------------------------------------
     0 | D:1      | AarnesTheHuman the Hill Orc Monk began the quest for the
                  | Orb.
     0 | D:1      | Reached XP level 1. HP: 19/19 MP: 1/1
   240 | D:1      | Reached XP level 2. HP: 23/27 MP: 2/2
   426 | D:1      | Found a faded altar of an unknown god.
   655 | D:1      | Reached XP level 3. HP: 11/34 MP: 3/3
  1174 | D:1      | Reached skill level 5 in Axes
  1762 | D:2      | You fall into a shaft and drop 2 floors!
  1780 | D:4      | Reached XP level 4. HP: 41/41 MP: 4/4
  1811 | D:4      | Reached skill level 1 in Armour
  1811 | D:4      | Reached skill level 1 in Shields
  1865 | D:4      | Reached XP level 5. HP: 40/47 MP: 5/5
  2058 | D:2      | Reached skill level 5 in Fighting
  3021 | D:3      | Noticed Jessica
  3062 | D:3      | Killed Jessica
  3063 | D:3      | Reached skill level 6 in Axes
  3237 | D:3      | Noticed Grinder
  3237 | D:3      | Noticed Sigmund
  3237 | D:3      | Paralysed by Grinder for 4 turns
  3246 | D:3      | Paralysed by Grinder for 4 turns
  3629 | D:4      | Reached skill level 7 in Axes
  3629 | D:4      | Reached XP level 6. HP: 12/56 MP: 6/6
  4237 | D:4      | Reached skill level 8 in Axes
  4344 | D:4      | Found a stormy altar of Qazlal.
  4363 | D:4      | Reached XP level 7. HP: 56/61 MP: 7/7
  4611 | D:5      | Entered Level 5 of the Dungeon
  4611 | D:5      | Found Neimuighe's Antique Armour Emporium.
  4945 | D:5      | Found a staircase to the Ecumenical Temple.
  5236 | D:5      | Became a worshipper of Beogh the Brigand
  5236 | D:5      | Reached * piety under Beogh
  5236 | D:5      | Reached ** piety under Beogh
  5348 | D:5      | Found Dosao's Neck Hole.
  5383 | D:5      | Reached XP level 8. HP: 70/70 MP: 8/8
  5684 | D:5      | Reached skill level 9 in Axes
  5966 | D:6      | Reached skill level 1 in Invocations
  6305 | D:6      | Reached skill level 5 in Shields
  6446 | D:6      | Found a sparkling altar of Nemelex Xobeh.
  6874 | D:6      | Found a glowing golden altar of the Shining One.
  6889 | D:6      | Reached skill level 10 in Axes
  7209 | D:6      | Reached skill level 5 in Invocations
  7399 | D:6      | Reached XP level 9. HP: 73/75 MP: 13/13
  7696 | D:6      | Upgraded the game from 0.29.1-1-gd02db6906a to
                  | 0.29.1-2-gbd0b4ee654
  7707 | D:7      | Found Desad's Distillery.
  7790 | D:7      | Found Ingu Huest's Magic Scroll Emporium.
  7795 | D:7      | Found Jewyr's Armour Shop.
  7814 | D:7      | Bought a scroll of teleportation for 33 gold pieces
  7896 | D:7      | Noticed Prince Ribbit
  7915 | D:7      | Killed Prince Ribbit
  8315 | D:7      | Found Abudyn's Antique Armour Shop.
  8394 | D:7      | Found a runed translucent gate.
  8395 | D:7      | Found a runed translucent gate.
  8396 | D:7      | Found a runed translucent gate.
  8398 | D:7      | Noticed caveywoolpert's ghost (novice HOFi)
  8403 | D:7      | Found Wykaz's Jewellery Shop.
  8799 | D:7      | Noticed a two-headed ogre
  8805 | D:7      | Killed a two-headed ogre
  8806 | D:7      | Reached skill level 10 in Invocations
  8806 | D:7      | Reached skill level 11 in Axes
  9462 | D:8      | Reached XP level 10. HP: 49/84 MP: 17/17
  9469 | D:8      | Found an opulent altar of Gozag.
  9507 | D:8      | Found a sand-covered staircase.
  9512 | Ossuary  | Entered an ossuary
  9924 | Ossuary  | Reached *** piety under Beogh
 10104 | D:8      | Reached skill level 12 in Axes
 10104 | D:8      | Reached skill level 5 in Armour
 10318 | D:8      | Found a staircase to the Lair.
 10588 | D:8      | Noticed a two-headed ogre
 10598 | D:8      | Killed a two-headed ogre
 11143 | D:9      | Found a flagged portal.
 11168 | D:9      | Noticed Grum
 11172 | D:9      | Reached skill level 13 in Axes
 11184 | D:9      | Killed Grum
 11192 | D:9      | Reached XP level 11. HP: 20/99 MP: 15/19
 11208 | Bailey   | Entered a bailey
 11950 | Bailey   | Reached skill level 10 in Fighting
 12201 | Bailey   | Reached **** piety under Beogh
 12479 | Bailey   | Reached skill level 14 in Axes
 12612 | Bailey   | Identified the ring of Ununah {rElec Will+}
 13672 | D:9      | Noticed Maggie
 13717 | D:8      | Upgraded the game from 0.29.1-2-gbd0b4ee654 to
                  | 0.29.1-4-g47bece8355
 13985 | D:9      | Killed Maggie
 14361 | D:9      | Found a shadowy altar of Dithmenos.
 14369 | D:9      | Found a shimmering altar of Xom.
 14369 | D:9      | Found an ancient bone altar of Kikubaaqudgha.
 14370 | D:9      | Found a shimmering blue altar of Sif Muna.
 14663 | D:10     | Entered Level 10 of the Dungeon
 14754 | D:10     | Found a staircase to the Orcish Mines.
 14779 | D:10     | Reached ***** piety under Beogh
 15147 | D:10     | Found a bloodstained altar of Trog.
 15170 | D:10     | Noticed a centaur warrior
 15182 | D:10     | Killed a centaur warrior
 15182 | D:10     | Gained Jorge as an ally
 15581 | D:10     | Your ally Jorge died
 15676 | D:10     | HP: 5/101 [something (10)]
 16094 | D:10     | Noticed a soul eater
 16108 | D:10     | Slain by a soul eater

Illustrated notes

Levels and vault maps discovered:
D:1:      dpeg_arrival_round_a, layout_basic,
          dreamdust_ecumenical_altar_statues, hangedman_decor_points
D:2:      layout_basic, st_stairs_1, minmay_tromino_i4
D:3:      layout_loops_cross, gammafunk_ghost_smash, kennysheep_generic_room_6,
          uniq_jessica, uniq_grinder, uniq_sigmund
D:4:      layout_cave_pools, nicolae_qazlal_scattered_showers, hex_tiny
D:5:      layout_basic, minmay_temple_entry_sparse_star, serial_rivers,
          chequers_serial_rivers_marsh, chequers_serial_rivers_small_b,
          chequers_serial_rivers_small_a, chequers_serial_rivers_micro_e,
          chequers_serial_rivers_micro_c, chequers_serial_rivers_small_b,
          serial_shops, shop, minmay_tree_intersection,
          nicolae_shop_sticking_my_neck_out
D:6:      layout_gridville, mainiacjoe_overflow_catch_the_wave
D:7:      layout_basic, serial_shops, shop, nicolae_shop_hallway_stairs, shop,
          shop_coins, shop, ebering_ghost_rock_garden, uniq_prince_ribbit1
D:8:      layout_loops_ring, mainiacjoe_overflow_boulevard,
          minmay_lair_entry_grove, enter_ossuary_2
D:9:      layout_basic, minitemple, enter_bailey_5, uniq_maggie, uniq_grum
D:10:     hellmonk_ruined_rings, layout_basic, nicolae_wu_jian_wuxing_cycle,
          mainiacjoe_overflow_alcove_1, zombieorc2_lemuel,
          grunt_decor_one_mirror, amcnicky_mini_pool_small

Skill      XL: |  1  2  3  4  5  6  7  8  9 10 11 |
---------------+----------------------------------+-----
Fighting       | 4 5 6 9 10 | 10.8
Axes           | 5 7 8 10 11 13 14 | 14.0
Armour         | 1 2 3 5 6 |  6.3
Shields        | 1 2 4 5 6 |  6.3
Invocations    | 6 10 11 | 11.8
Dodging        | |  2.4
Stealth        | |  1.5

Action                   |  1- 3 |  4- 6 |  7- 9 | 10-12 || total
-------------------------+-------+-------+-------+-------++-------
Melee: Hand axe          |   136 |   211 |   341 |   682 ||  1370
       Punch             |     1 |       |       |       ||     1
Throw: Stone             |       |    11 |    31 |       ||    42
       Throwing net      |       |     1 |       |       ||     1
       Dart              |       |       |     1 |       ||     1
       Boomerang         |       |       |     9 |       ||     9
Invok: Convert to Beogh  |       |       |     1 |       ||     1
       Smiting           |       |       |     1 |     2 ||     3
       Recall Orcish Fol |       |       |       |     1 ||     1
  Use: Potion            |     2 |     3 |       |     1 ||     6
       Scroll            |     7 |     3 |     6 |     6 ||    22
 Stab: Sleeping          |       |       |       |     1 ||     1
Armor: Chain mail        |    75 |   102 |   146 |   410 ||   733
       Skin              |       |     6 |       |       ||     6
Dodge: Dodged            |    41 |    34 |    56 |   198 ||   329
Block: Kite shield       |    19 |    90 |   159 |   403 ||   671
